 Dungeon Crawl Stone Soup version 0.24-a0-479-g9a978d2 (webtiles) character file.

Game seed: 874818631955648435

94700 slavetoarmok the Fighter (level 15, -8/204 HPs)
             Began as a Yellow Draconian Fighter on July 7, 2019.
             Was a High Priest of Makhleb.
             Mangled by a fire crab (13 damage)
             ... on level 6 of the Lair of Beasts.
             The game lasted 00:54:36 (21402 turns).

slavetoarmok the Fighter (DrFi)                    Turns: 21402, Time: 00:54:37

Health: -8/204     AC: 10    Str: 24    XL:     15   Next: 64%
Magic:  23/23      EV: 19    Int: 10    God:    Makhleb [*****.]
Gold:   932        SH: 12    Dex: 17    Spells: 14/14 levels left

rFire    . . .     SeeInvis .   a - +5 long sword
rCold    . . .     Gourm    .   b - +0 shield
rNeg     . . .     Faith    .   (armour unavailable)
rPois    .         Spirit   .   (helmet restricted)
rElec    .         Reflect  .   (no cloak)
rCorr    +         Harm     .   (no gloves)
MR       +....                  m - +0 pair of boots
Stlth    ..........             (no amulet)
HPRegen  0.44/turn              J - +4 ring of slaying
MPRegen  0.18/turn              e - +2 ring of intelligence

@: berserking, short of breath, very quick
A: spit acid, unfitting armour, acidic bite, cold-blooded, acid resistance, AC
+9
a: Breathe Acid, Minor Destruction, Lesser Servant of Makhleb, Major
Destruction, Greater Servant of Makhleb, Renounce Religion


You were on level 6 of the Lair of Beasts.
You worshipped Makhleb.
Makhleb was extremely pleased with you.
You were not hungry.

You visited 2 branches of the dungeon, and saw 17 of its levels.
You also visited: Gauntlet.

You collected 932 gold pieces.

Inventory:

Hand Weapons
 a - a +5 long sword (weapon)
 f - a +0 whip of electrocution
 L - a +5 great sword
Armour
 b - a +0 shield (worn)
 m - a +0 pair of boots (worn)
Jewellery
 e - a +2 ring of intelligence (right hand)
 w - an uncursed ring of flight
 y - an uncursed ring of protection from fire {unknown}
 J - a +4 ring of slaying (left hand)
Wands
 C - a wand of flame (19)
 D - a wand of iceblast (7)
 E - a wand of random effects (13)
Scrolls
 g - a scroll of enchant armour {unknown}
 h - 5 scrolls of fog
 j - 4 scrolls of amnesia
 k - a scroll of blinking
 n - 3 scrolls of immolation {unknown}
 p - a scroll of magic mapping
 s - a scroll of silence {unknown}
 v - 2 scrolls of teleportation
 K - 3 scrolls of remove curse
 N - 9 scrolls of identify
Potions
 c - 2 potions of heal wounds
 l - 4 potions of curing
 o - a potion of cancellation
 r - a potion of ambrosia
 t - a potion of agility {unknown}
 u - 2 potions of brilliance
 z - a potion of resistance
 A - 4 potions of mutation
 B - 2 potions of flight
 I - 3 potions of might
Miscellaneous
 x - a sack of spiders
Comestibles
 d - 17 rations
 q - 14 chunks of flesh


   Skills:
 + Level 13.4 Fighting
 + Level 12.4 Long Blades
 - Level 10.9 Dodging
 - Level 0.5 Stealth
 + Level 9.7 Shields
 - Level 11.2 Invocations
 + Level 7.1 Evocations


You had 14 spell levels left.
You didn't know any spells.
Your spell library contained the following spells:

 Spells                   Type           Power        Failure   Level  Hunger
 Animate Skeleton         Necr           N/A          58%         1    ##.....
 Apportation              Tloc           #.....       58%         1    ##.....
 Confusing Touch          Hex            #.....       58%         1    ##.....
 Summon Small Mammal      Summ           #...         58%         1    ##.....


Dungeon Overview and Level Annotations

Branches:
Dungeon (11/15)            Temple (0/1) D:7            Lair (6/6) D:9
 Shoals (0/4) Lair:3        Snake (0/4) Lair:3
  Slime: Lair:5-6       Orc: D:9-12

Altars:
Makhleb
Ru
Jiyva

Shops:
D:10 :

Annotations:
D:2 1 runed translucent door, Crazy Yiuf
Lair:1 3 runed translucent doors, Haewkeok's ghost, journeyman SpEn
Lair:6 3 runed translucent doors, topirishpotato's ghost, journeyman MiBe


Innate Abilities, Weirdness & Mutations

You can spit globs of acid.
Your golden yellow scales are hard. (AC +9)
You cannot fit into any form of body armour.
You have acidic saliva.
You are cold-blooded and may be slowed by cold attacks.
You are resistant to acid. (rCorr)


Message History

A red film seems to cover your vision as you go berserk!
You feel yourself moving faster!
You feel mighty!
You are engulfed in blazing flames.
* * * LOW HITPOINT WARNING * * *
You block the hell hound's attack. The hell hound completely misses you.
The fire crab completely misses you. You block the fire crab's attack.
You slice the fire crab!!
Your tail-slap misses the fire crab.
The fire crab is heavily wounded.
You are engulfed in blazing flames.
* * * LOW HITPOINT WARNING * * *
You slice the fire crab!! You tail-slap the fire crab.
You bite the fire crab, but do no damage.
The fire crab is almost dead.
The hell hound completely misses you.
You riposte.
You slice the hell hound!!
You kill the hell hound!
Makhleb accepts your kill.
You feel better. The fire crab bites you!
* * * LOW HITPOINT WARNING * * *
You are engulfed in flames!
You die...

#...........†.## #...
#............##
#÷.#÷#...#.### †.#####.####
# #.######## #### .#
#..†#.#..######..# .##
#.........#.#.#..## ###...#
##.........#..°°°°##.......
#.............°@t#........
###....##.†...##°...#
#.#.##.#÷....##..##
#########..####.## #.## ###
###


You could see a fire crab.

Vanquished Creatures
  5 hydras
  A queen ant (Lair:2)
  Pikel (D:6)
  An oklob plant (Lair:5)
  9 elephants
  3 black mambas
  A centaur zombie (D:8)
  8 spiny frogs
  3 rime drakes
  4 komodo dragons
  4 polar bears
  5 dream sheep (Lair:5)
  2 raiju (Lair:6)
  A snapping turtle (Lair:3)
  6 blink frogs
  11 hippogriffs
  Sigmund (D:3)
  2 wyverns
  3 basilisks
  28 yaks
  A steam dragon (D:9)
  2 hungry ghosts
  5 wargs (Lair:6)
  6 soldier ants (Lair:2)
  18 water moccasins
  A slave (D:6)
  12 porcupines
  11 hell hounds (Lair:6)
  2 sky beasts
  A swamp drake (Lair:6)
  3 orc warriors
  5 black bears (Lair:6)
  An ice beast (D:8)
  2 phantoms
  6 ogres
  A necrophage (D:8)
  18 wolves
  2 centaurs
  15 crocodiles
  3 big kobolds
  11 bullfrogs
  A water moccasin zombie (D:3)
  A scorpion (D:10)
  A water moccasin skeleton (D:9)
  4 killer bees (D:10)
  4 howler monkeys
  4 wights
  An electric eel (Lair:5)
  6 crimson imps
  A bullfrog skeleton (D:7)
  6 hounds
  11 orc priests
  12 orc wizards
  A centaur skeleton (D:4)
  3 jellies
  3 iguanas
  23 worker ants
  A hound zombie (D:8)
  18 gnolls
  16 adders
  3 shadow imps
  3 adder skeletons
  2 worms
  A dart slug (D:2)
  4 leopard geckos
  42 orcs
  3 giant cockroaches
  9 goblins
  5 hobgoblins
  15 jackals
  4 quokkas
  3 ball pythons
  14 bats
  4 frilled lizards
  A jackal skeleton (D:5)
  17 kobolds
  A leopard gecko skeleton (D:6)
  6 rats
  A fungus (Lair:3)
480 creatures vanquished.

Vanquished Creatures (collateral kills)
  A black mamba (Lair:6)
  A spiny frog (Lair:1)
  4 polar bears (Lair:6)
  2 hell hounds (Lair:6)
  2 black bears (Lair:6)
10 creatures vanquished.

Vanquished Creatures (others)
  6 fungi
  23 plants
29 creatures vanquished.

Grand Total: 519 creatures vanquished

Notes
Turn   | Place    | Note
-------+----------+-------------------------------------------
     0 | D:1      | slavetoarmok the Draconian Fighter began the quest for the
                  | Orb.
     0 | D:1      | Reached XP level 1. HP: 19/19 MP: 1/1
   161 | D:1      | Reached XP level 2. HP: 26/26 MP: 2/2
   252 | D:1      | Reached XP level 3. HP: 33/33 MP: 3/3
   699 | D:2      | Reached XP level 4. HP: 13/40 MP: 4/4
   987 | D:2      | Found a runed translucent door.
   988 | D:2      | Noticed Crazy Yiuf
  1447 | D:3      | Reached skill level 4 in Fighting
  1452 | D:3      | Reached XP level 5. HP: 37/46 MP: 5/5
  1838 | D:3      | Noticed Sigmund
  1853 | D:3      | Killed Sigmund
  1853 | D:3      | Reached XP level 6. HP: 21/53 MP: 6/6
  2764 | D:4      | You fall into a shaft and drop 2 floors!
  2804 | D:6      | Noticed an orc warrior
  2835 | D:6      | Reached skill level 5 in Fighting
  2845 | D:6      | Killed an orc warrior
  2845 | D:6      | Your scales start taking on a golden yellow colour.
  2845 | D:6      | Reached XP level 7. HP: 29/61 MP: 7/7
  2845 | D:6      | Gained mutation: You are resistant to acid. (rCorr) [Yellow
                  | Draconian growth]
  3167 | D:5      | Entered Level 5 of the Dungeon
  3453 | D:5      | Reached skill level 5 in Shields
  3609 | D:5      | Reached skill level 5 in Long Blades
  4037 | D:5      | You fall into a shaft and drop 1 floor!
  4065 | D:6      | Reached skill level 6 in Fighting
  4065 | D:6      | Reached skill level 5 in Dodging
  4065 | D:6      | Reached XP level 8. HP: 54/70 MP: 8/8
  4069 | D:6      | Found a burning altar of Makhleb.
  4251 | D:6      | Became a worshipper of Makhleb the Destroyer
  5798 | D:6      | Reached * piety under Makhleb
  6296 | D:6      | Noticed Pikel
  6384 | D:6      | Killed Pikel
  6384 | D:6      | Reached skill level 7 in Fighting
  6384 | D:6      | Reached XP level 9. HP: 75/79 MP: 9/9
  7101 | D:7      | Reached skill level 1 in Evocations
  7181 | D:7      | Found a staircase to the Ecumenical Temple.
  7503 | D:7      | Reached skill level 8 in Fighting
  8005 | D:8      | Reached ** piety under Makhleb
  8115 | D:8      | Reached XP level 10. HP: 88/88 MP: 10/12
  8514 | D:8      | Found a sacrificial altar of Ru.
  8819 | D:9      | Reached skill level 1 in Invocations
  9161 | D:9      | Reached *** piety under Makhleb
  9434 | D:9      | Found a staircase to the Lair.
  9437 | D:9      | Reached skill level 9 in Fighting
  9844 | D:10     | Entered Level 10 of the Dungeon
 10487 | D:10     | Reached **** piety under Makhleb
 10504 | D:10     | Found Daije's Book Shoppe.
 10668 | D:10     | Reached XP level 11. HP: 97/97 MP: 14/14
 11158 | D:11     | Noticed a four-headed hydra
 11240 | D:10     | Reached skill level 5 in Invocations
 11607 | Lair:1   | Entered Level 1 of the Lair of Beasts
 12042 | Lair:1   | Reached skill level 10 in Fighting
 12088 | Lair:1   | HP: 1/99 [yak (12)]
 12840 | Lair:1   | Found a runed translucent gate.
 13069 | Lair:1   | HP: 5/101 [poisoned by a spiny frog]
 13070 | Lair:1   | Reached skill level 11 in Fighting
 13070 | Lair:1   | Reached skill level 10 in Long Blades
 13070 | Lair:1   | Reached XP level 12. HP: 5/110 MP: 15/17
 13596 | Lair:1   | Found a runed translucent gate.
 13596 | Lair:1   | Found a runed translucent gate.
 13598 | Lair:1   | Noticed a death ooze
 13599 | Lair:1   | Found a viscous altar of Jiyva.
 13599 | Lair:1   | Noticed Haewkeok's ghost (journeyman SpEn)
 13879 | Lair:2   | Noticed a queen ant
 13904 | Lair:2   | Killed a queen ant
 14332 | Lair:2   | Reached skill level 10 in Dodging
 14821 | Lair:2   | Reached XP level 13. HP: 117/117 MP: 19/19
 15174 | Lair:3   | Reached skill level 12 in Fighting
 15174 | Lair:3   | Gained mutation: You have acidic saliva. [Yellow Draconian
                  | growth]
 15174 | Lair:3   | Reached XP level 14. HP: 120/127 MP: 19/21
 15175 | Lair:3   | Reached skill level 10 in Invocations
 15175 | Lair:3   | Reached skill level 5 in Evocations
 15175 | Lair:3   | Reached XP level 15. HP: 126/134 MP: 19/22
 15261 | Lair:3   | Found a staircase to the Snake Pit.
 15847 | Lair:3   | Found a staircase to the Shoals.
 16242 | Lair:3   | Reached ***** piety under Makhleb
 16576 | Lair:4   | Found a gate leading to a gauntlet.
 16586 | Gauntlet | Entered a Gauntlet
 16586 | Gauntlet | Found a transporter.
 16586 | Gauntlet | Found a transporter.
 16586 | Gauntlet | Found a large runed translucent door.
 16586 | Gauntlet | Found a large runed translucent door.
 16586 | Gauntlet | Found a large runed translucent door.
 16586 | Gauntlet | Found a large runed translucent door.
 16586 | Gauntlet | Found a large runed translucent door.
 16586 | Gauntlet | Found a large runed translucent door.
 16586 | Gauntlet | Found a runed translucent door.
 16586 | Gauntlet | Found a runed translucent door.
 16586 | Gauntlet | Found a large runed translucent door.
 16586 | Gauntlet | Found a large runed translucent door.
 16586 | Gauntlet | Found a large runed translucent door.
 16586 | Gauntlet | Found a large runed translucent door.
 16586 | Gauntlet | Found a large runed translucent door.
 16586 | Gauntlet | Found a large runed translucent door.
 16591 | Gauntlet | Found a transporter.
 16591 | Gauntlet | Found a transporter.
 16602 | Gauntlet | Found a transporter.
 16602 | Gauntlet | Found a transporter.
 16611 | Gauntlet | Found a transporter.
 16614 | Gauntlet | Found a transporter.
 18794 | Lair:5   | You fall into a shaft and drop 1 floor!
 18794 | Lair:6   | Entered Level 6 of the Lair of Beasts
 19166 | Lair:5   | Reached skill level 13 in Fighting
 20931 | Lair:6   | Found a runed translucent gate.
 20931 | Lair:6   | Found a runed translucent gate.
 20931 | Lair:6   | Noticed topirishpotato's ghost (journeyman MiBe)
 20932 | Lair:6   | Found a runed translucent gate.
 21401 | Lair:6   | HP: 10/204 [fire crab] (11)]
 21402 | Lair:6   | Mangled by a fire crab

Levels and vault maps discovered:
D:1:      psy_arrival_heroes, layout_basic
D:2:      layout_basic, uniq_crazy_yiuf_cottage
D:3:      layout_loops_ring, first_ration, uniq_sigmund
D:4:      layout_loops_corners, minmay_misc_feat_secret_circle,
          kennysheep_potato
D:5:      layout_gridville
D:6:      layout_layer_cave, basic_altar, roderic_cross_of_infinity,
          st_stairs_7, uniq_pikel
D:7:      layout_basic, minmay_temple_entry_purple_smoke, grunt_ogre_cave
D:8:      layout_basic, nicolae_ru_the_path_less_chosen, minmay_splitting_lines
D:9:      minmay_opposing_rooms, layout_rooms, david_lair_shrubbed
D:10:     layout_long_grid, serial_shops, nicolae_shop_window_shopping
D:11:     layout_gridville, nicolae_trove_entry_crystal,
          chequers_serial_rivers_micro_a, uniq_psyche
Lair:1:   layout_regular_city, gammafunk_ghost_ooze, cheibrodos_lair_reptile_den
Lair:2:   layout_long_grid, minmay_another_anthill, lemuel_fruit_tree
Lair:3:   layout_chaotic_city, minmay_shoals_entry_hut,
          minmay_snake_entry_six_corridors, st_stairs_4, grunt_megastairs_5
Lair:4:   layout_regular_city, gauntlet_entry_generic
Lair:5:   layout_layer_cave, serial_bayou_lagoon_b
Lair:6:   hangedman_lair_caniforms_friends, layout_regular_city,
          guppyfry_lair_end_dragon, dpeg_slime_entry_enclosed_altar,
          ebering_ghost_rock_garden, serial_bayou_shore_b

Skill      XL: |  1  2  3  4  5  6  7  8  9 10 11 12 13 14 15 |
---------------+----------------------------------------------+-----
Dodging        | 3 4 5 6 8 9 10 | 10.9
Long Blades    | 3 4 5 6 7 8 10 11 12 | 12.4
Fighting       | 4 5 6 7 8 9 11 12 13 | 13.4
Shields        | 4 5 6 7 8 9 |  9.7
Evocations     | 3 4 5 7 |  7.1
Invocations    | 4 7 8 9 10 11 | 11.2
Stealth        | |  0.5

Action                   |  1- 3 |  4- 6 |  7- 9 | 10-12 | 13-15 || total
-------------------------+-------+-------+-------+-------+-------++-------
Melee: Long sword        |    74 |   112 |   395 |   705 |   536 ||  1822
       Tailslap          |     9 |    18 |    59 |   147 |   139 ||   372
       Bite              |       |       |       |       |   103 ||   103
       Whip              |       |       |       |       |    40 ||    40
Invok: Lesser Servant of |       |       |       |     1 |     2 ||     3
       Greater Servant o |       |       |       |       |     1 ||     1
 Abil: Breathe Acid      |       |       |    10 |     4 |     5 ||    19
Evoke: Wand              |       |       |       |     3 |       ||     3
  Use: Scroll            |     2 |     2 |    10 |    10 |     4 ||    28
       Potion            |     1 |     2 |     2 |     8 |    11 ||    24
 Stab: Sleeping          |     1 |       |     1 |     4 |     2 ||     8
  Eat: Chunk             |       |     6 |    15 |    22 |    16 ||    59
       Ration            |       |       |     2 |     1 |     2 ||     5
Armor: Skin              |    19 |    38 |   100 |   110 |   123 ||   390
Dodge: Dodged            |    33 |    53 |   205 |   402 |   479 ||  1172
Block: Shield            |    41 |    47 |   217 |   401 |   389 ||  1095
       Rpst.: Long sword |    14 |    17 |    56 |   109 |    95 ||   291

Table legend:
 A = Non-vault XP
 B = Vault XP
 C = Vault XP percentage of total XP
 D = Non-vault monster count
 E = Vault monster count
 F = Vault count percentage of total count
                 A         B        C        D         E       F
            +---------+---------+-------+---------+---------+-------
      Total |   40477 |   14769 |  26.7 |     381 |     107 |  21.9
            +---------+---------+-------+---------+---------+-------
        D:1 |      54 |       0 |   0.0 |      27 |       0 |   0.0
        D:2 |     102 |       0 |   0.0 |      14 |       0 |   0.0
        D:3 |     165 |     223 |  57.5 |      18 |       1 |   5.3
        D:4 |     454 |       0 |   0.0 |      21 |       0 |   0.0
        D:5 |     673 |       0 |   0.0 |      31 |       0 |   0.0
        D:6 |     946 |     756 |  44.4 |      23 |       2 |   8.0
        D:7 |    1156 |     122 |   9.5 |      32 |       1 |   3.0
        D:8 |    1338 |       0 |   0.0 |      17 |       0 |   0.0
        D:9 |    1803 |    1591 |  46.9 |      31 |      13 |  29.5
       D:10 |    4175 |       0 |   0.0 |      53 |       0 |   0.0
       D:11 |     223 |       0 |   0.0 |       1 |       0 |   0.0
     Lair:1 |    3843 |     164 |   4.1 |      19 |       2 |   9.5
     Lair:2 |    4557 |    2272 |  33.3 |      18 |      20 |  52.6
     Lair:3 |    3029 |    2192 |  42.0 |      15 |      17 |  53.1
     Lair:4 |    3532 |       0 |   0.0 |      15 |       0 |   0.0
     Lair:5 |   10375 |       0 |   0.0 |      28 |       0 |   0.0
     Lair:6 |    4052 |    7449 |  64.8 |      18 |      51 |  73.9
            +---------+---------+-------+---------+---------+-------
